 Dungeon Crawl Stone Soup version 0.31.0-12-g77e489cdc1 (webtiles) character file.

Game seed: 13441337282161270586

30 lordive the Changeling (level 3, -2/26 HPs)
             Began as a Merfolk Shapeshifter on Feb 29, 2024.
             Slain by a goblin
             ... wielding a +0 dagger
             ... led by Robin
              (6 damage)
             ... on level 2 of the Dungeon.
             The game lasted 00:01:24 (1270 turns).

lordive the Changeling (Merfolk Shapeshifter)       Turns: 1270, Time: 00:01:24

Health: -2/26      AC:  2    Str: 14    XL:     3   Next: 20%
Magic:  3/3        EV: 12    Int: 11    God:
Gold:   79         SH:  0    Dex: 13    Spells: 2/2 levels left

rFire   . .          .
                       - Unarmed
rCold   . . .        (no shield)
rNeg    . . .        a - +0 animal skin
rPois   .            (helmet currently unavailable)
rElec   .            (cloak currently unavailable)
rCorr   .            (gloves currently unavailable)
SInv    .            g - melded +0 pair of boots
Will    .....        (no amulet)
Stlth   +            (no ring)
HPRegen 0.24/turn    (no ring)
MPRegen 0.08/turn

%: no passive effects
@: beast-form
A: beast (slay +2), (nimble swimmer 2), mertail
a: Begin Untransformation


You were on level 2 of the Dungeon.
You were a hulking beast.
You visited 1 branch of the dungeon, and saw 2 of its levels.

You collected 79 gold pieces.

Inventory:

Armour
 a - a +0 animal skin (worn)
 g - a +0 pair of boots (melded)
Jewellery
 f - a ring of fire
Talismans
 c - a beast talisman (active)
 d - a flux talisman
Scrolls
 e - a scroll of identify {unknown}
 j - 2 scrolls of blinking {unknown}
 k - a scroll of noise {unknown}
Potions
 b - 2 potions of lignification
 h - 2 potions of enlightenment {unknown}
 i - a potion of brilliance {unknown}
 l - a potion of haste {unknown}


   Skills:
 + Level 1.1 Fighting
 + Level 3.0 Dodging
 + Level 4.0 Unarmed Combat
 + Level 4.6 Shapeshifting


You had 2 spell levels left.
You didn't know any spells.
Your spell library contained the following spells:

 Spells                   Type           Power      Damage    Failure   Level
 Sandblast                Erth           0%         2d4       34%         1
 Gell's Gravitas          Tloc           0%         N/A       71%         3
 Passwall                 Erth           0%         N/A       71%         3
 Stone Arrow              Conj/Erth      0%         3d7       71%         3
 Teleport Other           Tloc           0%         N/A       71%         3
 Brom's Barrelling Bould  Conj/Erth      0%         2d3       98%         4
 Dispersal                Tloc           0%         N/A       100%        6


Dungeon Overview and Level Annotations

Branches:
Dungeon (2/15)

Altars:
Trog

Annotations:
D:2 Robin


Innate Abilities, Weirdness & Mutations

You are a hulking beast.
Your limbs bulge with bestial killing power. (Slay +2)
((You are very nimble when in or above water. (Stealth+, EV+, Speed+++)))
Your lower body shifts to a powerful aquatic tail in water.


Message History

You miss the goblin.
A goblin comes into view. It is wielding a +0 dagger.
The goblin hits you with a +0 dagger. x2
Robin of the Strong Arm comes into view.
They are wielding a +0 whip.
You barely miss the goblin.
Robin shouts!
You hit the goblin.
You kill the goblin!
Robin roars a battlecry!
The goblins go into a battle-frenzy!
The goblin hits you with a +0 dagger. x2
Your Unarmed Combat skill increases to level 4!
You hit the goblin.
You kill the goblin!
The goblin hits you with a +0 dagger. The goblin barely misses you.
You are too injured to fight recklessly!
You are too injured to fight recklessly!
You are too injured to fight recklessly!
You are too injured to fight recklessly!
You are too injured to fight recklessly!
You are too injured to fight recklessly!
You are too injured to fight recklessly!
You are too injured to fight recklessly!
You are too injured to fight recklessly!
You are too injured to fight recklessly!
You are too injured to fight recklessly!
You are too injured to fight recklessly!
You are too injured to fight recklessly!
You are too injured to fight recklessly!
You are too injured to fight recklessly!
Unknown command.
The goblin attacks as it pursues you! The goblin hits you with a +0 dagger.
* * * LOW HITPOINT WARNING * * *
You closely miss the goblin. The goblin closely misses you.
You closely miss the goblin. The goblin barely misses you.
The goblin attacks as it pursues you! The goblin misses you.
The goblin attacks as it pursues you! The goblin hits you with a +0 dagger.
* * * LOW HITPOINT WARNING * * *
The goblin attacks as it pursues you! The goblin hits you with a +0 dagger.
You die...

#.#
##+###.###..#
#.# #.#
#......# #.#
#.#######.##
#.#
##.#.......#
#.#
##....#######
#.# #.....# #.#
##....#
#.#########.#.#
#.........h...#
###########g###
#.# #.# #g# #g#
#g# #.# #g#


You could see a hobgoblin and 3 goblins.

Vanquished Creatures
  A dart slug (D:2)
  A ribbon worm (D:2)
  3 endoplasms (D:1)
  2 giant cockroaches (D:1)
  6 goblins
  A hobgoblin (D:1)
  3 quokkas
  3 ball pythons (D:1)
  A bat (D:1)
  2 frilled lizards (D:1)
  A rat (D:1)
24 creatures vanquished.

Notes
Turn   | Place    | Note
-------+----------+-------------------------------------------
     0 | D:1      | lordive the Merfolk Shapeshifter began the quest for the
                  | Orb.
     0 | D:1      | Reached XP level 1. HP: 15/15 MP: 1/1
   137 | D:1      | Reached XP level 2. HP: 19/21 MP: 2/2
   861 | D:2      | Found a bloodstained altar of Trog.
   891 | D:2      | Reached XP level 3. HP: 26/26 MP: 3/3
  1256 | D:2      | Noticed Robin
  1270 | D:2      | Slain by a goblin

Illustrated notes

Levels and vault maps discovered:
D:1:      amcnicky_arrival_wind_blow, layout_basic, nicolae_hexahallways,
          serial_bayou_lagoon_a, minivault_19
D:2:      layout_loops_corners, basic_altar, uniq_robin

Skill      XL: |  1  2  3 |
---------------+----------+-----
Dodging        | 3 |  3.0
Unarmed Combat | 4 |  4.0
Fighting       | |  1.1
Shapeshifting  | |  4.6

Action                     || total
---------------------------++-------
  Melee: Unarmed           ||    75
         Punch             ||     2
Ability: Begin Untransform ||     1
   Stab: Sleeping          ||     1
 Armour: Animal skin       ||    41
  Dodge: Dodged            ||    41
   Form: Beast             ||     1
